 Dungeon Crawl Stone Soup version 0.26.1-11-gd32895ea62 (webtiles) character file.

Game seed: 14153272191371265539

188 Paolo11 the Skirmisher (level 5, -3/44 HPs)
             Began as a Demonspawn Wanderer on June 10, 2021.
             Was an Initiate of Trog.
             Killed from afar by an orc wizard (9 damage)
             ... with a puff of frost
             ... on level 4 of the Dungeon.
             The game lasted 00:17:05 (2293 turns).

Paolo11 the Skirmisher (Demonspawn Wanderer)        Turns: 2293, Time: 00:17:06

Health: -3/44      AC:  8    Str: 10    XL:     5   Next: 39%
Magic:  5/5        EV:  4    Int: 16    God:    Trog [......]
Gold:   225        SH:  0    Dex: 13    Spells: 4/4 levels left

rFire    . . .     SeeInvis .   a - +2 hand axe
rCold    . . .     Faith    .   (no shield)
rNeg     . . .     Spirit   .   k - +0 chain mail
rPois    .         Reflect  .   (no helmet)
rElec    .         Harm     .   (no cloak)
rCorr    .         Rampage  .   (no gloves)
Will     .....                  (no boots)
Stlth    ..........             (no amulet)
HPRegen  0.14/turn              (no ring)
MPRegen  0.09/turn              (no ring)

@: no status effects
A: hooves 1, powered by death 1, spiny 2
a: Renounce Religion


You were on level 4 of the Dungeon.
You worshipped Trog.
Trog was noncommittal.
You visited 1 branch of the dungeon, and saw 3 of its levels.

You collected 225 gold pieces.

Inventory:

Hand Weapons
 a - a +2 hand axe (weapon)
 f - a +0 dagger
 g - a +0 rapier
 j - a +0 dagger
 n - a +0 dagger
 p - a +0 dagger
 s - a +0 short sword
 v - a +0 whip
 w - a +0 club
 x - a +0 dagger
 y - a +0 whip
 z - a cursed +0 whip
Missiles
 q - 31 bolts
 r - 58 arrows
 t - 153 stones (quivered)
 u - 12 sling bullets
Armour
 b - a +0 ring mail
 k - a +0 chain mail (worn)
Jewellery
 m - an uncursed ring of ice {unknown}
 A - a cursed -4 ring of intelligence {unknown}
Scrolls
 d - a scroll of fog
 e - 3 scrolls of identify
 l - a scroll of enchant weapon {unknown}
Potions
 c - 2 potions of curing
 h - 2 potions of flight
 i - a potion of attraction
 o - 2 potions of cancellation {unknown}
 B - a potion of haste {unknown}


   Skills:
 + Level 5.2 Fighting
 + Level 1.0 Long Blades
 + Level 3.4 Axes
 + Level 1.0 Throwing
 + Level 1.6 Armour
 + Level 1.6 Dodging
 + Level 1.0 Evocations


You had 4 spell levels left.
You didn't know any spells.
Your spell library was empty.

Dungeon Overview and Level Annotations

Branches:
Dungeon (2/15)

Altars:
Trog


Innate Abilities, Weirdness & Mutations

You have large cloven feet.
You regenerate a little health from kills.
You are mostly covered in sharp spines.


Message History

The orc wizard hits you but does no damage.
The orc priest mumbles some strange prayers to Beogh against you.
Beogh smites you!
The orc wizard hits you with a +0 dagger.
You hit the orc wizard but do no damage.
The orc wizard is lightly wounded.
The orc wizard hits you but does no damage.
You closely miss the orc wizard.
The orc wizard is lightly wounded.
The orc wizard gestures at you while chanting.
The puff of frost hits you.
The orc priest calls upon Beogh to heal the orc wizard.
The orc wizard's wounds heal themselves!
The orc wizard miscasts a cantrip.
The orc wizard gestures at you while chanting.
The puff of frost hits you!
* * * LOW HITPOINT WARNING * * *
The orc wizard points at you and mumbles some strange words.
The puff of frost hits you!
You die...

###.....# # #......####
... ##....###.## ..#
###.......#.## ..##
##...#....... ...
##oo..## #...# #..
#......#####.####.
#.......#......##.
######@.............###
##......##......#.......
#.....<.##......#.......
###...###.......#.......
###...................
#.#..#####....#.....
###### #....##.....
#...#######. ###..## ##


You could see an orc priest and an orc wizard (fast).

Vanquished Creatures
  A bullfrog skeleton (D:4)
  Natasha (thrice) (D:2)
  3 adders
  2 worms (D:4)
  A dart slug (D:1)
  3 leopard geckos
  A giant cockroach (D:1)
  9 goblins
  4 hobgoblins
  2 quokkas (D:2)
  2 ball pythons
  7 bats
  6 frilled lizards
  7 kobolds
  2 rats
53 creatures vanquished.

Notes
Turn   | Place    | Note
-------+----------+-------------------------------------------
     0 | D:1      | Paolo11 the Demonspawn Wanderer began the quest for the
                  | Orb.
     0 | D:1      | Paolo11 set off with the following items: a +2 hand axe, a
                  | +0 ring mail, a potion of curing
     0 | D:1      | Reached XP level 1. HP: 19/19 MP: 1/1
   170 | D:1      | Gained mutation: You are partially covered in sharp spines.
                  | [demonic ancestry]
   170 | D:1      | Reached XP level 2. HP: 23/26 MP: 2/2
   852 | D:2      | Gained mutation: You regenerate a little health from kills.
                  | [demonic ancestry]
   852 | D:2      | Reached XP level 3. HP: 31/31 MP: 3/3
   989 | D:2      | Noticed Natasha
   997 | D:2      | Killed Natasha
   998 | D:2      | Reached skill level 1 in Armour
   998 | D:2      | Gained mutation: You have large cloven feet. [demonic
                  | ancestry]
   998 | D:2      | Reached XP level 4. HP: 10/38 MP: 4/4
  1045 | D:2      | Found a bloodstained altar of Trog.
  1050 | D:2      | Became a worshipper of Trog the Wrathful
  1113 | D:2      | Noticed Natasha
  1130 | D:2      | Killed Natasha
  1131 | D:2      | Reached skill level 5 in Fighting
  1629 | D:2      | Noticed Natasha
  1637 | D:2      | Killed Natasha
  1638 | D:2      | Gained mutation: You are mostly covered in sharp spines.
                  | [demonic ancestry]
  1638 | D:2      | Reached XP level 5. HP: 25/44 MP: 5/5
  2096 | D:2      | You fall into a shaft and drop 2 floors!
  2293 | D:4      | Killed from afar by an orc wizard

Illustrated notes

Levels and vault maps discovered:
D:1:      amcnicky_arrival_underground_garden, layout_rooms, glass_columns_c
D:2:      layout_loops_ring, lightli_temple_of_fire, uniq_natasha
D:4:      layout_cave_pools, minmay_misc_feat_five

Skill      XL: |  1  2  3  4  5 |
---------------+----------------+-----
Axes           | 2 3 |  3.4
Armour         | 1 |  1.6
Fighting       | 5 |  5.2
Long Blades    | |  1.0
Throwing       | |  1.0
Dodging        | |  1.6
Evocations     | |  1.0

Action                   |  1- 3 |  4- 6 || total
-------------------------+-------+-------++-------
Melee: Hand axe          |    67 |    51 ||   118
       Kick              |       |    10 ||    10
  Use: Scroll            |     6 |       ||     6
Armor: Ring mail         |    14 |       ||    14
       Chain mail        |    36 |    26 ||    62
Dodge: Dodged            |    21 |     5 ||    26
